 Dungeon Crawl Stone Soup version 0.29-a0-911-g88e6f02907 (webtiles) character file.

Game seed: 16830736324381034980

18723 quixfox the Geomancer (level 12, -4/76 HPs)
             Began as a Gargoyle Earth Elementalist on July 25, 2022.
             Was a High Priest of Vehumet.
             Slain by a blink frog (14 damage)
             ... on level 3 of the Lair of Beasts.
             The game lasted 00:58:36 (16944 turns).

quixfox the Geomancer (GrEE)                       Turns: 16944, Time: 00:58:37

Health: -4/76      AC: 19    Str: 12    XL:     12   Next: 61%
Magic:  1/24       EV: 11    Int: 21    God:    Vehumet [*****.]
Gold:   562        SH: 13    Dex: 16    Spells: 14/27 levels left

rFire   . . .      SeeInvis .   a - staff of earth
rCold   + . .      Faith    .   k - +2 buckler
rNeg    + . .      Spirit   .   d - +0 robe {rC+}
rPois   ∞          Reflect  +   (no helmet)
rElec   +          Harm     .   C - +1 cloak
rCorr   .          Rampage  .   q - +1 pair of gloves
Will    .....                   (no boots)
Stlth   ++........              u - amulet of reflection
HPRegen 0.22/turn               r - +6 ring of dexterity
MPRegen 0.19/turn               s - +4 ring of protection

@: no status effects
A: sickness immunity, AC +8, negative energy resistance 1, electricity
resistance, torment resistance 1, petrification resistance
a: Renounce Religion


You were on level 3 of the Lair of Beasts.
You worshipped Vehumet.
Vehumet was extremely pleased with you.
You visited 2 branches of the dungeon, and saw 13 of its levels.

You collected 779 gold pieces.
You spent 217 gold pieces at shops.

Inventory:

Hand Weapons
 b - the +8 hammer of Past Mistakes {flame, rPois rCorr Str+3 Int-3}
   (You found it on level 5 of the Dungeon)

   It burns those it strikes, dealing additional fire damage.
   Str:       It affects your strength (+3).
   Int:       It affects your intelligence (-3).
   rPois:     It protects you from poison.
   rCorr:     It protects you from acid and corrosion.
Armour
 d - a +0 robe of cold resistance (worn)
 k - a +2 buckler (worn)
 q - a +1 pair of gloves (worn)
 C - a +1 cloak (worn)
Magical Staves
 a - a staff of earth (weapon)
Jewellery
 r - a +6 ring of dexterity (left hand)
 s - a +4 ring of protection (right hand)
 u - an amulet of reflection (around neck)
Wands
 f - a wand of flame (34)
 x - a wand of polymorph (4)
 y - a wand of iceblast (9)
 F - a wand of charming (7)
Scrolls
 e - 3 scrolls of immolation
 g - a scroll of amnesia
 B - a scroll of fear
 D - 2 scrolls of identify
 E - a scroll of poison
 G - a scroll of brand weapon
 I - a scroll of silence {unknown}
Potions
 c - 3 potions of attraction
 h - 3 potions of berserk rage
 i - a potion of brilliance {unknown}
 l - a potion of ambrosia {unknown}
 n - 2 potions of curing
 o - 2 potions of might {unknown}
 p - 4 potions of mutation
 t - 2 potions of flight {unknown}
 v - a potion of resistance {unknown}
 w - 3 potions of magic
 z - 3 potions of lignification
 A - a potion of invisibility {unknown}
 H - 2 potions of haste {unknown}


   Skills:
 + Level 9.5 Fighting
 - Level 2.7 Armour
 - Level 1.5 Dodging
 - Level 2.1 Stealth
 - Level 7.0 Shields
 - Level 8.0 Spellcasting
 - Level 8.4 Conjurations
 - Level 0.7 Transmutations
 - Level 5.7 Fire Magic
 * Level 14.0 Earth Magic


You had 14 spell levels left.
You knew the following spells:

 Your Spells              Type           Power      Damage    Failure   Level
a - Sandblast             Erth           100%       2d20      1%          1
b - Passwall              Tmut/Erth      46%        N/A       1%          2
c - Stone Arrow           Conj/Erth      100%       3d13      1%          3
d - Iron Shot             Conj/Erth      35%        9d7       4%          6
e - Foxfire               Conj/Fire      100%       2x1d9     1%          1

Your spell library contained the following spells:

 Spells                   Type           Power      Damage    Failure   Level
 Fulminant Prism          Conj/Hex       13%        3d9       4%          4
 Freeze                   Ice            32%        1d5       2%          1
 Iskenderun's Battlesphe  Conj           44%        2d10      2%          5
 Hailstorm                Conj/Ice       26%        3d7       4%          4
 Petrify                  Tmut/Erth      56%        N/A       4%          4
 Frozen Ramparts          Ice            16%        1d3       9%          3
 Summon Small Mammal      Summ           32%        N/A       10%         1
 Ensorcelled Hibernation  Hex/Ice        16%        N/A       16%         2
 Call Canine Familiar     Summ           8%         N/A       30%         3
 Ozocubu's Armour         Ice            8%         N/A       30%         3
 Summon Guardian Golem    Hex/Summ       8%         N/A       30%         3
 Swiftness                Air            8%         N/A       30%         3
 Spellforged Servitor     Conj/Summ      13%        N/A       96%         7
 Ozocubu's Refrigeration  Ice            4%         4d5       100%        7


Dungeon Overview and Level Annotations

Branches:
Dungeon (10/15)            Temple (0/1) D:5            Lair (3/5) D:8
  Snake (0/4) Lair:2
  Swamp: Lair:2-3    Shoals: Lair:2-3       Orc: D:9-12

Altars:
Cheibriados
Dithmenos
Makhleb
Vehumet
Wu Jian

Shops:
D:1 *   D:4 :[   D:7 ?[   D:10 (

Annotations:
D:5 1 runed translucent door, Crazy Yiuf
D:7 3 runed translucent doors, gdog's ghost, novice GnDe
D:10 1 runed translucent door, exclusion: orange crystal statue


Innate Abilities, Weirdness & Mutations

You are immune to sickness and miasma.
Your stone body is resilient. (AC +8)
You are immune to poison.
You resist negative energy. (rN+)
You are resistant to electric shocks. (rElec)
You are resistant to unholy torment.
You are immune to petrification.


Message History

Aiming: Sandblast (safe; 1% risk of failure)
Press: ? - help, Shift-Dir - straight line, f - blink frog
Aim: a blink frog (71% to hit)
You feel a surge of power!
The blast of sand hits the blink frog!
The blink frog is moderately wounded.
The blink frog blinks!
You block the blink frog's attack. x2
The blink frog blinks!
The blink frog hits you.
* * * LOW HITPOINT WARNING * * *
The blink frog blinks!
Casting: Sandblast (safe; 1% risk of failure)
Confirm with . or Enter, or press ? or * to list all spells.
Aiming: Sandblast (safe; 1% risk of failure)
Press: ? - help, Shift-Dir - straight line, f/p - blink frog
Aim: a blink frog (moderately wounded, 71% to hit)
You feel a surge of power!
The blast of sand hits the blink frog!!
The blink frog is almost dead.
The blink frog blinks!
You block the blink frog's attack. The blink frog misses you.
Casting: Sandblast (safe; 1% risk of failure)
Confirm with . or Enter, or press ? or * to list all spells.
Aiming: Sandblast (safe; 1% risk of failure)
Press: ? - help, Shift-Dir - straight line, f/p - blink frog
Aim: a blink frog (almost dead, 71% to hit)
You feel a surge of power!
The blast of sand hits the blink frog!!
You kill the blink frog!
Vehumet accepts your kill.
You feel your power returning.
The blink frog hits you but does no damage.
You block the blink frog's attack. x2
Casting: Sandblast (safe; 1% risk of failure)
Confirm with . or Enter, or press ? or * to list all spells.
Aiming: Sandblast (safe; 1% risk of failure)
Press: ? - help, Shift-Dir - straight line, f - blink frog
Aim: a blink frog (71% to hit)
You feel a surge of power!
The blast of sand hits the blink frog!
The blink frog is moderately wounded.
You block the blink frog's attack. The blink frog hits you.
* * * LOW HITPOINT WARNING * * *
The blink frog blinks!
The blink frog hits you!
You die...

...........#...
................
..F............
........$.....
............#
...........#
........§..#
.......F@.#
........#..#
........#### .
..........##### ...
..........#...#....
......(...F.......=
#..#..##...........
##...# ###.........
##.. #P.^.......


You could see 2 blink frogs.

Vanquished Creatures
  3 hydras
  A two-headed ogre (D:8)
  13 elephants
  A black mamba (D:8)
  A torpor snail (Lair:2)
  2 cane toads
  3 komodo dragons
  A rime drake (Lair:1)
  A kobold demonologist (D:7)
  A polar bear (Lair:2)
  A hornet (D:8)
  5 blink frogs
  A slime creature (Lair:2)
  4 dream sheep (Lair:2)
  Sigmund (D:3)
  A wyvern (Lair:2)
  4 yaks
  Grum (D:8)
  2 steam dragons
  4 vampire mosquitoes (D:10)
  4 water moccasins
  A black bear (Lair:2)
  An orc warrior (D:9)
  An ogre (D:6)
  2 sky beasts (D:7)
  5 wolves
  4 centaurs
  3 kobold brigands
  2 gnoll sergeants
  3 scorpions
  9 bullfrogs
  8 wights (D:8)
  13 killer bees
  A howler monkey (D:6)
  A hound (D:6)
  4 orc priests
  4 jellies
  5 iguanas
  12 orc wizards
  5 hell rats
  7 gnolls
  9 adders
  2 white imps (D:7)
  2 worms
  5 dart slugs
  48 orcs
  5 bats
  20 endoplasms
  A giant cockroach (D:2)
  5 goblins
  2 hobgoblins
  2 quokkas
  12 ball pythons
  6 frilled lizards
  22 kobolds
  8 rats
295 creatures vanquished.

Vanquished Creatures (collateral kills)
  A two-headed ogre (D:9)
1 creature vanquished.

Vanquished Creatures (others)
  14 fungi
  9 plants
23 creatures vanquished.

Grand Total: 319 creatures vanquished

Notes
Turn   | Place    | Note
-------+----------+-------------------------------------------
     0 | D:1      | quixfox the Gargoyle Earth Elementalist began the quest for
                  | the Orb.
     0 | D:1      | Reached XP level 1. HP: 10/10 MP: 3/3
    58 | D:1      | Found Ruxuneocee's Assorted Antiques.
   147 | D:1      | Reached skill level 4 in Earth Magic
   147 | D:1      | Reached XP level 2. HP: 15/15 MP: 0/5
   517 | D:1      | Found a faded altar of an unknown god.
   900 | D:2      | Reached XP level 3. HP: 19/19 MP: 4/6
  1657 | D:2      | Learned a level 2 spell: Passwall
  1661 | D:2      | Learned a level 3 spell: Stone Arrow
  1971 | D:2      | Reached XP level 4. HP: 24/24 MP: 4/8
  2385 | D:3      | Reached skill level 1 in Conjurations
  2385 | D:3      | Reached skill level 5 in Earth Magic
  2677 | D:3      | Noticed Sigmund
  2852 | D:3      | Killed Sigmund
  2853 | D:3      | Reached XP level 5. HP: 27/28 MP: 5/10
  2853 | D:3      | Reached XP level 6. HP: 31/32 MP: 5/11
  2902 | D:3      | Found a radiant altar of Vehumet.
  2910 | D:3      | Found a shadowy altar of Dithmenos.
  2912 | D:3      | Became a worshipper of Vehumet
  2914 | D:3      | Found a snail-covered altar of Cheibriados.
  2915 | D:3      | Found a burning altar of Makhleb.
  3145 | D:3      | Learned a level 6 spell: Iron Shot
  3528 | D:4      | Found an ornate altar of the Wu Jian Council.
  3545 | D:4      | Reached skill level 6 in Earth Magic
  3762 | D:4      | Found Ibust's Armour Shoppe.
  3862 | D:4      | Found Pacimel's Tremendous Tomes.
  4195 | D:5      | Entered Level 5 of the Dungeon
  4763 | D:5      | Reached XP level 7. HP: 36/36 MP: 10/13
  4812 | D:5      | Found a staircase to the Ecumenical Temple.
  4893 | D:5      | Identified the +8 hammer of Past Mistakes {flame, rPois
                  | rCorr Str+3 Int-3}
  4901 | D:5      | Found a runed translucent door.
  4902 | D:5      | Noticed Crazy Yiuf
  5239 | D:5      | Reached * piety under Vehumet
  5239 | D:5      | Offered knowledge of Magic Dart by Vehumet.
  6148 | D:6      | Reached skill level 7 in Earth Magic
  6178 | D:6      | Reached skill level 5 in Spellcasting
  6200 | D:6      | Reached XP level 8. HP: 41/41 MP: 12/15
  6569 | D:6      | Reached skill level 1 in Fighting
  6569 | D:6      | Reached skill level 1 in Armour
  6569 | D:6      | Reached skill level 5 in Conjurations
  6968 | D:7      | Reached ** piety under Vehumet
  6968 | D:7      | Offered knowledge of Foxfire by Vehumet.
  6971 | D:7      | Learned a level 1 spell: Foxfire
  7245 | D:6      | Reached skill level 1 in Fire Magic
  7333 | D:7      | Found Matogog's Antique Armour Boutique.
  7591 | D:7      | Found Mogoluwn's Magic Scroll Emporium.
  7595 | D:7      | Bought a runed buckler for 217 gold pieces
  7641 | D:7      | Noticed a kobold demonologist
  7644 | D:7      | Killed a kobold demonologist
  7645 | D:7      | Reached skill level 1 in Shields
  7645 | D:7      | Reached skill level 8 in Earth Magic
  7645 | D:7      | Reached XP level 9. HP: 49/50 MP: 14/17
  7790 | D:7      | Offered knowledge of Dazzling Flash by Vehumet.
  7888 | D:7      | Found a runed translucent gate.
  7888 | D:7      | Found a runed translucent gate.
  7888 | D:7      | Found a runed translucent gate.
  7889 | D:7      | Noticed a spectral unseen horror
  7894 | D:7      | Noticed gdog's ghost (novice GnDe)
  8079 | D:8      | Noticed a two-headed ogre
  8122 | D:8      | Found a staircase to the Lair.
  8414 | D:8      | Reached *** piety under Vehumet
  8439 | D:8      | Killed a two-headed ogre
  8440 | D:8      | Reached skill level 9 in Earth Magic
  8440 | D:8      | Reached XP level 10. HP: 5/58 MP: 17/19
  9043 | D:8      | Reached skill level 5 in Fighting
  9315 | D:8      | Noticed Grum
  9325 | D:8      | Killed Grum
  9740 | D:9      | Noticed a two-headed ogre
 10160 | D:9      | Offered knowledge of Olgreb's Toxic Radiance by Vehumet.
 10657 | D:10     | Entered Level 10 of the Dungeon
 10727 | D:10     | Found a runed translucent door.
 10911 | D:10     | Noticed a five-headed hydra
 11134 | D:10     | HP: 3/60 [five-headed hydra (1)]
 11137 | D:10     | Killed a five-headed hydra
 11138 | D:10     | Reached skill level 5 in Shields
 11138 | D:10     | Reached skill level 5 in Fire Magic
 11364 | D:10     | Noticed an orange crystal statue
 11526 | D:10     | Found Upha's Weapon Shop.
 11620 | D:9      | Reached skill level 10 in Earth Magic
 11630 | D:9      | Killed a two-headed ogre
 11630 | D:9      | Reached **** piety under Vehumet
 11631 | D:9      | Reached XP level 11. HP: 15/64 MP: 18/22
 12094 | Lair:1   | Entered Level 1 of the Lair of Beasts
 12485 | Lair:1   | HP: 2/66 [komodo dragon (15)]
 13870 | D:8      | Reached skill level 11 in Earth Magic
 13876 | D:8      | Offered knowledge of Mephitic Cloud by Vehumet.
 14258 | Lair:1   | Noticed a five-headed hydra
 14264 | Lair:1   | Killed a five-headed hydra
 15013 | Lair:2   | Noticed a four-headed hydra
 15014 | Lair:2   | Reached XP level 12. HP: 73/73 MP: 24/24
 15036 | Lair:2   | Killed a four-headed hydra
 15037 | Lair:2   | Reached skill level 12 in Earth Magic
 15388 | Lair:2   | Found a staircase to the Snake Pit.
 15585 | Lair:2   | Reached skill level 13 in Earth Magic
 15863 | Lair:2   | Reached ***** piety under Vehumet
 16817 | Lair:3   | Offered knowledge of Fulminant Prism by Vehumet.
 16924 | Lair:3   | Noticed a six-headed hydra
 16941 | Lair:3   | Reached skill level 14 in Earth Magic
 16944 | Lair:3   | Slain by a blink frog

Illustrated notes

Levels and vault maps discovered:
D:1:      minmay_arrival_diagonal_passages, layout_loops_cross, serial_shops,
          shop_statue, ebering_ecumenical_altar_rust
D:2:      layout_loops_corners, minmay_shallow_snake_nest
D:3:      layout_rooms, minitemple, uniq_sigmund
D:4:      layout_rooms, mainiacjoe_overflow_cross_hatched, serial_shops,
          kennysheep_mini_moat, nicolae_hexahallways,
          nicolae_shop_i_like_big_books
D:5:      wad_lake_hut, layout_loops_ring, minmay_temple_entry_overgrown,
          palyth_stone_intersect, st_stairs_8, uniq_crazy_yiuf_cottage
D:6:      layout_basic, grunt_ministairs_10
D:7:      layout_cave_pools, gammafunk_ghost_necromancy,
          nicolae_wooded_promenade
D:8:      nicolae_cairo_tiling, layout_loops_ring, lair_entry_dummy, uniq_grum
D:9:      layout_cave_pods
D:10:     cheibrodos_histonic, layout_loops_cross, nicolae_tso_carved_into_rock,
          serial_shops, nicolae_shop_hallway_stairs, disabler_island
Lair:1:   layout_small_grid, grunt_megastairs_3
Lair:2:   lemuel_slime, layout_chaotic_city, guppyfry_snake_entry_island,
          grunt_forest_large_clearing_hut
Lair:3:   layout_cave_pods, minmay_swamp_entry_worms, grunt_megastairs_4

Skill      XL: |  1  2  3  4  5  6  7  8  9 10 11 12 |
---------------+-------------------------------------+-----
Earth Magic    | 4 5 6 7 8 9 10 11 14 | 14.0
Spellcasting   | 3 4 5 6 7 8 |  8.0
Conjurations   | 2 3 4 5 6 8 |  8.4
Fighting       | 3 4 6 7 9 |  9.5
Armour         | 2 |  2.7
Fire Magic     | 2 3 5 |  5.7
Shields        | 1 3 5 7 |  7.0
Dodging        | |  1.5
Stealth        | |  2.1
Transmutations | |  0.7

Action                   |  1- 3 |  4- 6 |  7- 9 | 10-12 || total
-------------------------+-------+-------+-------+-------++-------
Melee: Staff             |       |       |     7 |    10 ||    17
       Mace              |       |       |     8 |     7 ||    15
 Cast: Sandblast         |    51 |    84 |   140 |   344 ||   619
       Passwall          |       |       |       |     2 ||     2
       Iron Shot         |       |       |       |    14 ||    14
Evoke: Wand              |       |       |     3 |     3 ||     6
  Use: Scroll            |       |     8 |     2 |    11 ||    21
       Potion            |       |     2 |       |     7 ||     9
Armor: Robe              |     3 |    18 |    64 |   270 ||   355
Dodge: Dodged            |    12 |    34 |   102 |   231 ||   379
Block: Other             |       |       |     4 |     7 ||    11
       Reflection        |       |       |     1 |     7 ||     8
       Buckler           |       |       |       |   345 ||   345

Table legend: (Time is in decaauts)
 A = Elapsed time spent in this place.
 B = Non-inter-level travel time spent in this place.
 C = Inter-level travel time spent in this place.
 D = Time resting spent in this place.
 E = Time spent auto-exploring this place.
 F = Levels seen in this place.
 G = Mean time per level.
                   A        B        C        D        E       F      G
               +--------+--------+--------+--------+--------+-----+--------+
         Total |  17640 |  17274 |    366 |   6061 |   7217 |  13 | 1356.9 |
       Dungeon |  13642 |  13290 |    352 |   4441 |   6093 |  10 | 1364.2 |
          Lair |   3997 |   3983 |     14 |   1620 |   1124 |   3 | 1332.3 |
               +--------+--------+--------+--------+--------+-----+--------+

Top non-repeatable levels by time:
     D:8: 2621 daAuts
  Lair:1: 2146 daAuts
     D:9: 1868 daAuts
  Lair:2: 1799 daAuts
     D:5: 1728 daAuts
     D:2: 1578 daAuts
     D:6: 1413 daAuts
     D:4: 1210 daAuts
     D:1: 864 daAuts
     D:3: 826 daAuts
     D:7: 776 daAuts
    D:10: 755 daAuts
  Lair:3: 52 daAuts
